AoeStats
← Reis

MegaRandom

505824250Analyzed
4v4 RM · 22d ago on Sep 11, 2026· 66m 2s· 8 players
Game mode
Random Map
Map size
Large (8 player)
Population
200
Speed
Normal
Resources
Standard
Victory
Conquest
Starting age
Dark Age
Ending age
Imperial Age
RankedLock teamsTeams togetherTeam positionsShared explorationLock speedFull tech treeHidden civsTurbo modeCheats
Victory
Defeat
🇨🇭 Bulgarians · Switzerland
1407
+14
🇲🇽 Hindustanis · Mexico
1395
+15
🇺🇸 Persians · United States
1380
+15
🇺🇸 Britons · United States
1340
+17
🇿🇦 Britons · South Africa
1448
-18
🇻🇳 Turks · Vietnam
1423
-17
🇨🇳 Khmer · China
1298
-13
🇨🇳 Ethiopians · China
1296
-13
yo_ChuckDeezy
0:29 Loom
11:36 Feudal Age
13:18 Fishing Lines
16:26 Castle Age
14:25 Double-Bit Axe
15:54 Horse Collar
19:17 Scale Barding Armor
20:14 Chain Barding Armor
22:03 Bow Saw
23:04 Forging
22:56 Gold Mining
23:15 Husbandry
24:38 Bloodlines
24:56 Heavy Plow
26:02 Medium Warships
25:43 Gillnets
29:31 Stone Mining
30:18 Gold Shaft Mining
32:45 Wheelbarrow
31:58 Town Watch
35:09 Stone Shaft Mining
39:17 Imperial Age
37:53 Iron Casting
38:31 Hand Cart
40:18 Conscription
41:09 Plate Barding Armor
41:36 Blast Furnace
40:04 Elite War Elephant
41:34 Cavalier
43:15 Savar
46:37 Two-Man Saw
52:06 Fletching
54:49 Bodkin Arrow
57:20 Citadels
57:10 Murder Holes
57:37 Ballistics
58:18 Chemistry
TheFireKnight
0:35 Loom
8:30 Feudal Age
11:37 Town Watch
13:34 Double-Bit Axe
16:03 Horse Collar
17:54 Wheelbarrow
22:44 Castle Age
21:05 Scale Barding Armor
21:39 Bloodlines
22:09 Forging
22:55 Gold Mining
23:06 Light Cavalry
23:46 Husbandry
24:33 Chain Barding Armor
25:08 Bow Saw
33:45 Heavy Plow
36:53 Fletching
37:52 Hand Cart
38:08 Grand Trunk Road
42:11 Imperial Age
39:33 Stone Mining
41:45 Ballistics
42:09 Iron Casting
42:32 Masonry
42:15 Heavy Camel Rider
43:31 Plate Barding Armor
43:29 Conscription
44:16 Blast Furnace
43:53 Imperial Camel Rider
45:08 Bodkin Arrow
44:51 Siege Elephant
46:53 Chemistry
48:48 Hoardings
50:12 Siege Engineers
51:00 Bracer
52:26 Shatagni
54:35 Caravan
54:44 Padded Archer Armor
55:22 Leather Archer Armor
55:47 Gold Shaft Mining
56:39 Ring Archer Armor
61:52 Two-Man Saw
63:24 Elite Skirmisher
Returned_Legend
4:31 Loom
10:55 Feudal Age
11:24 Double-Bit Axe
11:33 Gold Mining
12:40 Fletching
12:51 Padded Archer Armor
16:35 Wheelbarrow
16:07 Horse Collar
22:06 Castle Age
22:11 Crossbowman
23:09 Leather Archer Armor
22:50 Bodkin Arrow
23:55 Bow Saw
27:34 Hand Cart
30:14 Ballistics
32:36 Masonry
39:23 Imperial Age
38:22 Murder Holes
40:28 Conscription
39:30 Arbalester
40:17 Pikeman
43:26 Bracer
43:57 Ring Archer Armor
45:27 Chemistry
45:43 Two-Man Saw
44:41 Town Watch
46:49 Squires
47:02 Forging
46:53 Scale Mail Armor
46:59 Scale Barding Armor
48:39 Hoardings
48:43 Iron Casting
49:49 Heavy Plow
49:55 Elite Skirmisher
51:30 Architecture
50:41 Treadmill Crane
52:03 Halberdier
54:05 Blast Furnace
53:21 Chain Mail Armor
54:44 Sappers
60:52 Husbandry
66:01 Plate Mail Armor
65:52 Chain Barding Armor
64:57 Light Cavalry
Reis
11:04 Feudal Age
13:53 Double-Bit Axe
16:15 Castle Age
16:14 Loom
19:46 Scale Barding Armor
24:50 Fletching
26:05 Bodkin Arrow
37:54 Bow Saw
37:27 Horse Collar
38:27 Wheelbarrow
42:33 Imperial Age
40:49 Hand Cart
40:53 Padded Archer Armor
42:06 Elite Skirmisher
43:22 Leather Archer Armor
43:57 Bracer
46:16 Chemistry
45:37 Ballistics
50:22 Conscription
61:55 Light Cavalry
62:46 Bloodlines
仙逆许木
7:29 Loom
9:37 Feudal Age
10:16 Double-Bit Axe
10:14 Horse Collar
19:11 Castle Age
19:11 Scale Barding Armor
19:19 Bloodlines
21:20 Wheelbarrow
22:02 Forging
22:50 Bow Saw
24:16 Chain Barding Armor
27:18 Hand Cart
28:20 Iron Casting
34:59 Imperial Age
35:42 Imperial Age
34:45 Tusk Swords
35:55 Elite Battle Elephant
38:21 Plate Barding Armor
38:58 Blast Furnace
44:25 Husbandry
45:51 Conscription
47:11 Fletching
48:50 Caravan
50:41 Heavy Scorpion
53:22 Ballistics
54:02 Chemistry
54:08 Chemistry
52:41 Light Cavalry
63:36 Town Watch
Vince
9:33 Loom
11:51 Feudal Age
13:35 Double-Bit Axe
20:30 Castle Age
19:48 Stone Mining
19:57 Fishing Lines
21:52 Bow Saw
21:38 Gillnets
24:14 Padded Archer Armor
24:24 Padded Archer Armor
26:18 Leather Archer Armor
32:54 Fletching
37:27 Imperial Age
39:35 Ring Archer Armor
38:28 Elite Janissary
39:07 Bodkin Arrow
41:29 Gold Mining
42:36 Conscription
64:48 Gold Shaft Mining
Revenant
0:32 Loom
12:09 Feudal Age
15:35 Double-Bit Axe
20:32 Castle Age
20:09 Fishing Lines
21:33 Wheelbarrow
21:41 Bow Saw
22:06 Gillnets
25:01 Squires
24:27 Crossbowman
25:06 Stone Mining
25:07 Gold Mining
25:53 Fletching
27:18 Thumb Ring
28:18 Hand Cart
30:28 Stone Shaft Mining
30:29 Gold Shaft Mining
33:41 Bodkin Arrow
33:46 Padded Archer Armor
38:02 Leather Archer Armor
42:39 Imperial Age
40:03 Elite Skirmisher
41:11 Ballistics
44:37 Arbalester
47:08 Conscription
48:24 Bracer
48:51 Halberdier
49:18 Arson
51:15 Ring Archer Armor
50:57 Forging
51:26 Scale Mail Armor
54:46 Iron Casting
54:27 Chain Mail Armor
54:52 Chain Mail Armor
59:57 Plate Mail Armor
60:28 Blast Furnace
59:35 Demolition Ship
Pielover757
0:28 Loom
9:49 Feudal Age
10:43 Double-Bit Axe
11:29 Fishing Lines
14:55 Fletching
17:38 Castle Age
17:46 Crossbowman
18:25 Bodkin Arrow
19:20 Gold Mining
22:10 Bow Saw
23:51 Wheelbarrow
23:02 Town Watch
25:53 Padded Archer Armor
26:04 Stone Mining
30:25 Ballistics
34:58 Imperial Age
35:04 Imperial Age
32:53 Leather Archer Armor
35:08 Arbalester
35:50 Bracer
36:54 Chemistry
38:31 Hand Cart
41:37 Conscription
49:00 Scale Mail Armor
49:11 Forging
49:47 Yeomen
49:01 Pikeman
49:41 Squires
50:23 Halberdier
52:26 Chain Mail Armor
54:13 Horse Collar
65:34 Man-at-Arms
Connection lost

Rejoining the realm…

Still unreachable

The connection could not be restored.

Session expired

The server has moved on; the page needs a fresh start.